Map: Wieże Zmierzchu

Players

MorDka

  • Race: Protoss Protoss
  • League: Grandmaster

Nedi - Winner!

  • Race: Zerg Zerg
  • League: Grandmaster

VOD

Have the link to the VOD?

Description

Time

  • Played on: Jan. 15, 2016, 8:32 a.m.
  • Length: 11:53
Show
View Real Time Build Order
Export as new Build Order

MorDka Protoss 

Build Orders: Nexus First, Zealot Archon 

Get SALT Encoding   

  12  0:01  Probe (Chrono Boost)  
  13  0:12  Probe (Chrono Boost)  
  14  0:21  Pylon  
  14  0:22  Probe (Chrono Boost)  
  15  0:39  Probe (Chrono Boost)  
  17  0:50  Probe (Chrono Boost)  
  17  0:58  Nexus  
  17  1:07  Gateway  
  17  1:11  Probe (Chrono Boost)  
  18  1:18  Assimilator  
  18  1:23  Probe (Chrono Boost)  
  19  1:26  Assimilator  
  19  1:33  Probe (Chrono Boost)  
  19  1:39  Gateway  
  20  1:44  Probe (Chrono Boost)  
  21  1:55  Cybernetics Core  
  21  1:56  Probe (Chrono Boost)  
  22  2:07  Probe (Chrono Boost)  
  23  2:12  Probe (Chrono Boost)  
  24  2:17  Probe (Chrono Boost)  
  24  2:22  Probe (Chrono Boost)  
  26  2:28  Probe (Chrono Boost)  
  27  2:31  Adept x2 (Chrono Boost)  
  27  2:32  Probe  
  32  2:39  Mothership Core  
  32  2:42  Pylon  
  34  2:46  Probe  
  34  2:48  Warp Gate  
  35  2:55  Adept (Chrono Boost)  
  37  3:01  Adept (Chrono Boost)  
  37  3:04  Probe x2  
  40  3:14  Pylon  
  40  3:16  Probe x2  
  40  3:19  Sentry (Chrono Boost)  
  44  3:25  Sentry (Chrono Boost)  
  46  3:34  Probe  
  47  3:43  Probe  
  47  3:48  Probe  
  49  3:54  Twilight Council  
  49  3:58  Probe  
  44  4:10  Probe (Chrono Boost)  
  44  4:13  Nexus  
  44  4:16  Probe (Chrono Boost), Pylon x2  
  44  4:17  Pylon  
  44  4:22  Probe (Chrono Boost)  
  45  4:27  Probe (Chrono Boost)  
  45  4:30  Resonating Glaives (Chrono Boost)  
  46  4:33  Probe (Chrono Boost)  
  46  4:35  Robotics Facility  
  46  4:38  Probe (Chrono Boost)  
  48  4:43  Probe (Chrono Boost)  
  48  4:44  Gateway  
  48  4:45  Gateway  
  49  4:47  Gateway  
  49  4:48  Gateway  
  49  4:58  Gateway  
  49  5:01  Probe (Chrono Boost)  
  49  5:02  Assimilator  
  49  5:04  Probe (Chrono Boost)  
  49  5:05  Assimilator  
  51  5:08  Pylon  
  51  5:11  Probe (Chrono Boost)  
  51  5:13  Probe (Chrono Boost), Adept x2  
  57  5:22  Warp Prism (Chrono Boost)  
  57  5:23  Probe x2  
  57  5:27  Probe  
  61  5:34  Probe, Adept x2  
  61  5:35  Probe  
  68  5:38  Probe  
  68  5:41  Pylon  
  69  5:44  Probe  
  69  5:47  Probe  
  69  5:49  Probe  
  71  5:56  Probe  
  72  6:00  Probe  
  72  6:02  Probe  
  75  6:07  Probe, Observer (Chrono Boost)  
  75  6:09  Charge  
  77  6:12  Probe  
  77  6:14  Probe, Pylon  
  77  6:17  Probe  
  79  6:20  Pylon  
  80  6:26  Adept x4  
  80  6:27  Adept x3  
  88  6:48  Probe, Adept x2  
  88  6:49  Adept x5  
  88  6:53  Probe  
  103  6:58  Probe  
  103  7:05  Stargate  
  103  7:07  Probe  
  93  7:08  Probe, Stargate  
  93  7:10  Assimilator  
  93  7:13  Templar Archives  
  93  7:14  Assimilator  
  93  7:17  Forge  
  93  7:20  Pylon  
  93  7:22  Pylon  
  89  7:24  Pylon  
  89  7:25  Probe  
  89  7:26  Stalker x3  
  89  7:27  Stalker  
  98  7:32  Stalker x2  
  98  7:33  Archon  
  98  7:36  Pylon x2  
  95  7:53  Phoenix x2  
  95  7:57  Probe  
  99  7:59  Stalker x2  
  99  8:05  Zealot  
  104  8:18  Stalker  
  104  8:19  Stalker x2  
  100  8:20  Phoenix x2  
  96  8:29  Stalker x2  
  95  8:36  Probe x2  
  90  8:43  Stalker, Probe  
  90  8:44  Stalker  
  89  8:48  Probe  
  89  8:50  Probe  
  90  8:57  Probe  
  90  9:00  Probe x2  
  89  9:05  Blink (Chrono Boost)  
  89  9:07  Probe  
  89  9:09  Zealot x6  
  102  9:10  Zealot  
  102  9:11  Probe  
  102  9:12  Probe  
  102  9:14  Phoenix x2  
  110  9:18  Probe  
  110  9:22  Protoss Ground Weapons Level 1 (Chrono Boost)  
  111  9:27  Probe  
  106  9:33  Stalker x3  
  106  9:34  Stalker x2  
  106  9:38  Zealot  
  116  9:51  Warp Prism (Chrono Boost)  
  118  9:55  High Templar  
  118  9:59  High Templar x2  
  124  10:00  Zealot, High Templar  
  124  10:01  Zealot x2  
  132  10:08  Archon x2  
  132  10:18  Nexus  
  132  10:22  Pylon  
  132  10:23  Zealot x3  
  114  10:36  Zealot  
  114  10:37  Zealot x3  
  96  10:43  Zealot x2  
  96  10:44  Zealot  
  94  10:52  Probe x2  
  94  10:55  Dark Shrine  
  94  11:10  Zealot x2  
  94  11:11  Zealot x3  
  82  11:12  High Templar x2  
  82  11:15  Immortal (Chrono Boost)  
  82  11:17  Archon  
  92  11:25  Pylon  
  92  11:29  Pylon  
  92  11:30  Pylon  
  92  11:31  Pylon  
  92  11:32  Zealot x4  
  100  11:40  Zealot  
Show
View Real Time Build Order
Export as new Build Order

Nedi Zerg - Winner!

Build Orders: 3 Hatch before Pool, Lurkers 

Get SALT Encoding   

  12  0:01  Drone  
  13  0:13  Overlord  
  13  0:17  Drone  
  14  0:31  Drone  
  14  0:32  Drone  
  16  0:35  Drone  
  17  0:53  Hatchery  
  17  0:55  Drone  
  17  0:57  Drone  
  18  1:18  Hatchery  
  17  1:29  Spawning Pool  
  17  1:31  Drone  
  17  1:36  Drone  
  17  1:39  Drone  
  19  1:44  Drone  
  20  1:54  Drone  
  21  2:04  Overlord  
  21  2:05  Drone  
  22  2:15  Drone  
  23  2:16  Drone  
  23  2:19  Queen x2  
  28  2:28  Drone x2  
  30  2:31  Queen  
  30  2:32  Drone  
  30  2:36  Drone  
  34  2:39  Drone  
  34  2:43  Overlord  
  35  2:49  Zergling x4  
  37  2:52  Zergling x2  
  37  2:56  Queen  
  40  3:01  Queen  
  40  3:05  Zergling x6  
  45  3:09  Overlord  
  45  3:10  Drone  
  46  3:13  Drone  
  46  3:17  Extractor x2  
  45  3:20  Drone  
  45  3:21  Drone  
  45  3:23  Drone  
  48  3:28  Drone x3  
  48  3:29  Drone  
  48  3:30  Drone  
  52  3:36  Drone x2  
  52  3:37  Drone  
  52  3:49  Drone x2  
  52  3:54  Drone x3  
  56  4:04  Drone  
  56  4:05  Drone  
  56  4:07  Drone  
  56  4:10  Drone x2  
  56  4:11  Drone  
  56  4:15  Drone  
  56  4:16  Drone, Extractor x2  
  57  4:21  Lair, Overlord  
  57  4:36  Drone  
  57  4:37  Metabolic Boost  
  57  4:38  Overlord x2  
  58  4:43  Drone x7  
  58  4:45  Drone  
  66  4:48  Overlord  
  66  4:59  Drone x6  
  70  5:05  Extractor  
  70  5:06  Extractor  
  65  5:13  Drone x6  
  72  5:15  Drone  
  72  5:16  Drone  
  73  5:21  Drone  
  73  5:22  Drone, Spire  
  74  5:46  Drone x2  
  74  5:47  Drone x2  
  74  5:48  Drone  
  79  5:55  Overlord x3  
  78  6:12  Hatchery  
  78  6:15  Overlord  
  77  6:33  Mutalisk x8  
  77  6:34  Mutalisk x5  
  103  6:40  Zergling x8  
  107  6:47  Mutalisk  
  107  6:52  Zergling x2  
  107  6:53  Zergling x18  
  118  6:59  Mutalisk  
  119  7:02  Mutalisk  
  117  7:08  Zergling x2  
  117  7:09  Zergling x2  
  117  7:12  Drone  
  117  7:13  Evolution Chamber  
  117  7:14  Evolution Chamber  
  117  7:21  Drone x5  
  121  7:23  Overlord  
  121  7:25  Overlord x2  
  121  7:26  Drone x2  
  121  7:28  Drone, Hydralisk Den  
  123  7:30  Zergling x2  
  123  7:36  Drone x3  
  125  7:45  Overlord  
  125  7:46  Drone  
  125  7:47  Drone x3  
  127  7:52  Zergling x2  
  127  7:53  Zergling x4  
  127  7:55  Mutalisk x3  
  127  7:57  Lurker Den  
  134  8:01  Zerg Ground Armor Level 1, Zerg Melee Weapons Level 1  
  134  8:04  Drone x2  
  136  8:06  Extractor x2  
  131  8:14  Hatchery  
  116  8:25  Hydralisk x5  
  114  8:31  Hydralisk x5  
  116  8:38  Drone x12  
  119  8:44  Hydralisk  
  119  8:45  Hydralisk x3  
  114  9:00  Hydralisk  
  114  9:01  Hydralisk x4  
  121  9:06  Hydralisk  
  121  9:07  Hydralisk  
  121  9:09  Zergling x6  
  128  9:17  Zergling x2  
  128  9:18  Zergling x10  
  134  9:35  Zergling x14  
  141  9:41  Lurker  
  141  9:42  Lurker x6  
  141  9:44  Lurker  
  141  9:45  Overlord, Drone  
  149  9:46  Drone x10  
  158  10:13  Lurker  
  158  10:14  Lurker  
  153  10:15  Lurker  
  153  10:19  Hydralisk  
  153  10:20  Zergling x24  
  166  10:22  Overlord x2  
  166  10:28  Infestation Pit  
  139  10:43  Hydralisk x9  
  139  10:44  Hydralisk  
  155  10:50  Hydralisk x2  
  155  10:55  Hydralisk  
  155  10:56  Hydralisk x2  
  165  11:03  Hydralisk  
  165  11:04  Hydralisk x2  
  165  11:06  Hydralisk  
  165  11:07  Zergling x2  
  167  11:17  Spore Crawler  
  167  11:18  Drone x7, Spine Crawler  
  172  11:20  Extractor  
  172  11:21  Extractor  
  172  11:22  Spore Crawler  
  169  11:26  Spine Crawler  
Tags
 
Add a new tag
Caveats
  • Supply blocks, unpowered buildings, or Contaminate may cause inaccurate times.
  • Supply counts are checked every 10 seconds.